 Dungeon Sprint DCSS version 0.22.1-1-ga44c0e56f4 (webtiles) character file.

3900000 MuseOD the Conqueror (level 23, -128/240 HPs)
             Began as a Ghoul Warper on Oct 7, 2018.
             Was the Champion of Makhleb.
             Annihilated by a sculptor of flesh
             ... wielding a +9 great sword
              (202 damage)
             ... in the Dungeon (Sprint VIII: "Arena of Blood").
             The game lasted 00:01:06 (39 turns).

MuseOD the Conqueror (Ghoul Warper)                   Turns: 39, Time: 00:01:07

Health: -128/240   AC:  6    Str: 25    XL:     23   Next: 25%
Magic:  12/53      EV: 24    Int:  8    God:    Makhleb [******]
Gold:   0          SH:  0    Dex:  8    Spells: 76/76 levels left

rFire    . . .     SeeInvis .   b - +∞ Axe of Woe
rCold    + . .     Gourm    .   (shield currently unavailable)
rNeg     + + +     Faith    .   a - +0 leather armour
rPois    ∞         Spirit   .   (no helmet)
rElec    .         Reflect  .   (no cloak)
rCorr    .         Harm     .   (no gloves)
MR       +....     NoTele   +   (no boots)
Stlth    +++++++++.             (no amulet)
HPRegen  0.00/turn              (no ring)
MPRegen  0.33/turn              (no ring)

@: rotting
A: rotting body, claws 1, carnivore, cold resistance 1, negative energy
resistance 3, inhibited regeneration, torment resistance, unbreathing
a: Minor Destruction, Lesser Servant of Makhleb, Major Destruction, Greater
Servant of Makhleb, Renounce Religion


You were in the Dungeon.
You worshipped Makhleb.
Makhleb was exalted by your worship.
You were not hungry.

You visited 1 branch

Inventory:

Hand Weapons
 b - the +∞ Axe of Woe (weapon)
   (You found it in the Dungeon)
Missiles
 d - 5 tomahawks of dispersal (quivered)
Armour
 a - a +0 leather armour (worn)
Jewellery
 k - an uncursed ring of see invisible
Scrolls
 c - 2 scrolls of blinking
Potions
 e - a potion of curing
 g - a potion of heal wounds
 h - a potion of haste
 i - 2 potions of magic
 j - a potion of berserk rage
Comestibles
 f - a ration


   Skills:
 O Level 27 Fighting
 O Level 27 Axes
 O Level 27 Throwing
 O Level 27 Armour
 O Level 27 Dodging
 O Level 27 Stealth
 O Level 27 Unarmed Combat
 O Level 27 Spellcasting
   Level 2.6 Translocations
 + Level 25.9 Invocations


You had 76 spell levels left.
You didn't know any spells.
Your spell library contained the following spells:

 Spells                   Type           Power        Failure   Level  Hunger
 Blink                    Tloc           N/A          1%          2    None
 Shroud of Golubria       Chrm/Tloc      ##........   2%          2    None
 Gell's Gravitas          Tloc           ###.......   2%          3    None
 Lesser Beckoning         Tloc           ###.......   2%          3    None
 Teleport Other           Tloc           ###.....     2%          3    None
 Passage of Golubria      Tloc           N/A          10%         4    ##.....


Dungeon Overview and Level Annotations

Branches:
Dungeon (1/1)

Altars:
Makhleb


Innate Abilities, Weirdness & Mutations

Your body is rotting away.
You thrive on raw meat.
You are immune to poison.
You have sharp fingernails.
You are carnivorous and can eat meat at any time.
Your flesh is cold resistant. (rC+)
You are immune to negative energy. (rN+++)
You do not regenerate when monsters are visible.
You are immune to unholy pain and torment.
You can survive without breathing.


Message History

Two crawling corpses merge to form a small abomination.
You hear a shout!
You hear a shout! x3
The destroyer blinks!
Unknown command.
You hear a shout!
The destroyer blinks!
You hear a shout! x5
The destroyer appears out of thin air!
A destroyer comes into view.
It is wielding a +9 great sword of slicing.
You see here an uncursed ring of see invisible.
k - an uncursed ring of see invisible The destroyer shouts!
You hear a shout! x3
The destroyer hits you with a +9 great sword of slicing!!!!!
Ouch! That really hurt!
The destroyer bites you but does no damage.
You hear a shout! x2
The sculptor of flesh hits you with a +9 great sword!!!!!
Ouch! That really hurt!
You die...

.%.....)).....##.
....#....)...#...
.............#...
.%.##.#..x.......
.......O)).......
##....#).)..###
..............#.
......§..z......
#......V@...V...
################


You could see 2 destroyers, a sculptor of flesh, a large bag of meat (inner
flame) and a small abomination.

Vanquished Creatures
  A vampire knight (D)
  6 ogres (D)
  A two-headed ogre (D)
  22 orcs (D)
  A skeletal warrior (D)
  3 crawling corpses (D)
34 creatures vanquished.

Notes
Turn   | Place    | Note
-------+----------+-------------------------------------------
     0 | D        | Found the +∞ Axe of Woe
     0 | D        | MuseOD the Ghoul Warper began the quest for the Orb.
     0 | D        | Reached XP level 1. HP: 17/17 MP: 2/2
     3 | D        | Noticed a bag of meat
     4 | D        | Became a worshipper of Makhleb the Destroyer
     4 | D        | Noticed a meat berserker
     6 | D        | Killed a meat berserker
     6 | D        | Reached skill level 5 in Throwing
     6 | D        | Reached skill level 5 in Armour
     6 | D        | Reached skill level 15 in Spellcasting
     6 | D        | Reached XP level 2. HP: 50/50 MP: 2/17
     6 | D        | Reached XP level 3. HP: 57/57 MP: 2/19
     6 | D        | Reached XP level 4. HP: 64/64 MP: 2/20
     6 | D        | Reached XP level 5. HP: 72/72 MP: 2/22
     6 | D        | Reached XP level 6. HP: 80/80 MP: 2/23
     6 | D        | Reached XP level 7. HP: 86/86 MP: 2/25
     6 | D        | Reached XP level 8. HP: 94/94 MP: 2/26
     6 | D        | Reached XP level 9. HP: 101/101 MP: 2/27
     6 | D        | Reached XP level 10. HP: 110/110 MP: 2/28
     6 | D        | Reached XP level 11. HP: 116/116 MP: 2/29
     6 | D        | Reached XP level 12. HP: 124/124 MP: 2/30
     6 | D        | Reached XP level 13. HP: 130/130 MP: 2/31
     6 | D        | Noticed a bag of meat
     7 | D        | Noticed a bag of meat
     8 | D        | Killed a bag of meat
     8 | D        | Reached * piety under Makhleb
     8 | D        | Reached skill level 15 in Dodging
     8 | D        | Reached XP level 14. HP: 143/143 MP: 2/34
     8 | D        | Noticed a bag of meat
     8 | D        | Noticed a bag of meat
     8 | D        | Noticed a bag of meat
     8 | D        | Noticed a bag of meat
     9 | D        | Noticed a bag of meat
     9 | D        | Noticed a bag of meat
     9 | D        | Noticed a bag of meat
     9 | D        | Noticed a bag of meat
    10 | D        | Killed a bag of meat
    10 | D        | Noticed a meat berserker
    10 | D        | Noticed a bag of meat
    10 | D        | Noticed a meat berserker
    10 | D        | Noticed a bag of meat
    10 | D        | Noticed a bag of meat
    10 | D        | Noticed a bag of meat
    10 | D        | Noticed a bag of meat
    11 | D        | Killed a bag of meat
    11 | D        | Reached XP level 15. HP: 156/156 MP: 3/37
    11 | D        | Noticed a meat berserker
    12 | D        | Reached ** piety under Makhleb
    12 | D        | Reached skill level 5 in Axes
    12 | D        | Reached XP level 16. HP: 159/169 MP: 4/39
    12 | D        | Noticed a large bag of meat
    13 | D        | Reached *** piety under Makhleb
    13 | D        | Reached skill level 10 in Axes
    13 | D        | Killed a meat berserker
    13 | D        | Reached XP level 17. HP: 185/185 MP: 4/42
    13 | D        | Reached skill level 10 in Armour
    13 | D        | Killed a meat berserker
    13 | D        | Reached **** piety under Makhleb
    13 | D        | Reached skill level 27 in Fighting
    13 | D        | Reached XP level 18. HP: 200/200 MP: 4/45
    14 | D        | Reached XP level 19. HP: 207/207 MP: 5/47
    15 | D        | Reached ***** piety under Makhleb
    15 | D        | Reached skill level 10 in Throwing
    16 | D        | Reached skill level 27 in Unarmed Combat
    16 | D        | Reached skill level 27 in Spellcasting
    16 | D        | Killed a meat berserker
    16 | D        | Reached XP level 20. HP: 216/216 MP: 5/50
    19 | D        | Noticed a destroyer
    20 | D        | Killed a large bag of meat
    20 | D        | Reached skill level 27 in Axes
    20 | D        | Reached skill level 27 in Dodging
    22 | D        | Noticed a meat berserker
    24 | D        | Reached skill level 15 in Throwing
    24 | D        | Reached XP level 21. HP: 197/224 MP: 8/51
    26 | D        | Killed a destroyer
    27 | D        | Killed a meat berserker
    27 | D        | Reached ****** piety under Makhleb
    27 | D        | Reached skill level 27 in Armour
    27 | D        | Reached XP level 22. HP: 233/233 MP: 9/52
    31 | D        | Reached skill level 27 in Throwing
    31 | D        | Noticed a destroyer
    32 | D        | Reached skill level 15 in Invocations
    32 | D        | Noticed a large bag of meat
    35 | D        | Reached XP level 23. HP: 240/240 MP: 11/53
    35 | D        | Reached skill level 27 in Stealth
    38 | D        | Noticed a destroyer
    39 | D        | Annihilated by a sculptor of flesh

Skill      XL: |  1  2  3  4  5  6  7  8  9 10 11 12 13 14 15 16 17 18 19 20 21 22 23 |
---------------+----------------------------------------------------------------------+-----
Fighting       | 16 18 20 22 25 27 | 27.0
Throwing       | 5 6 7 8 9 10 17 26 27 | 27.0
Armour         | 5 6 7 8 9 11 13 22 27 | 27.0
Dodging        | 14 15 17 19 21 22 23 25 27 | 27.0
Unarmed Combat | 16 18 20 21 23 24 26 27 | 27.0
Spellcasting   | 15 17 19 20 22 24 25 27 | 27.0
Axes           | 4 7 13 16 20 26 27 | 27.0
Stealth        | 26 27 | 27.0
Invocations    | 24 25 | 25.9
Translocations | |  2.6

Action                   |  1- 3 |  4- 6 |  7- 9 | 10-12 | 13-15 | 16-18 | 19-21 | 22-24 || total
-------------------------+-------+-------+-------+-------+-------+-------+-------+-------++-------
Melee: Executioner's axe |     1 |       |       |       |     4 |     2 |     6 |     4 ||    17
Armor: Leather armour    |       |       |       |       |       |       |       |     1 ||     1
Dodge: Dodged            |       |       |       |       |     1 |     1 |       |       ||     2
